 Dungeon Crawl Stone Soup version 0.29.1-1-gd02db6906a (webtiles) character file.

Game seed: 12675581063232952188

675 Zeld the Chopper (level 7, -6/62 HPs)
             Began as a Minotaur Berserker on Oct 14, 2022.
             Was a Priest of Trog.
             Shot with an arrow by a centaur (13 damage)
             ... on level 5 of the Dungeon.
             The game lasted 00:02:17 (3709 turns).

Zeld the Chopper (Minotaur Berserker)               Turns: 3709, Time: 00:02:18

Health: -6/62      AC:  5    Str: 24    XL:     7   Next: 33%
Magic:  6/6        EV: 12    Int:  4    God:    Trog [***...]
Gold:   270        SH:  0    Dex:  9    Spells: 6/6 levels left

rFire   . . .      SeeInvis .   a - +0 hand axe
rCold   . . .      Faith    .   (no shield)
rNeg    . . .      Spirit   .   b - +0 animal skin
rPois   .          Reflect  .   (helmet restricted)
rElec   .          Harm     .   g - +0 cloak
rCorr   .          Rampage  .   k - +1 pair of gloves
Will    ++...                   (no boots)
Stlth   +.........              (no amulet)
HPRegen 1.20/turn               (no ring)
MPRegen 0.10/turn               (no ring)

@: strong-willed, on berserk cooldown, regenerating, slowed, very slow
A: horns 2, retaliatory headbutt
a: Renounce Religion, Berserk, Trog's Hand


You were on level 5 of the Dungeon.
You worshipped Trog.
Trog was most pleased with you.
You visited 1 branch of the dungeon, and saw 5 of its levels.

You collected 270 gold pieces.

Inventory:

Hand Weapons
 a - a +0 hand axe (weapon)
Armour
 b - a +0 animal skin (worn)
 g - a +0 cloak (worn)
 k - a +1 pair of gloves (worn)
Scrolls
 c - a scroll of fog {unknown}
 d - 3 scrolls of noise {unknown}
 e - 5 scrolls of teleportation {unknown}
 h - a scroll of blinking {unknown}
 i - 5 scrolls of identify {unknown}
 m - a scroll of amnesia {unknown}
 p - a scroll of enchant armour {unknown}
 q - a scroll of enchant weapon {unknown}
 s - a scroll of fear {unknown}
Potions
 f - a potion of haste {unknown}
 j - 2 potions of curing {unknown}
 l - 2 potions of attraction {unknown}
 n - 3 potions of magic {unknown}
 o - 2 potions of heal wounds {unknown}
 r - a potion of degeneration {unknown}


   Skills:
 + Level 5.6 Fighting
 * Level 7.1 Axes
 + Level 4.8 Armour
 + Level 4.4 Dodging


You had 6 spell levels left.
You didn't know any spells.
Your spell library was empty.

Dungeon Overview and Level Annotations

Branches:
Dungeon (5/15)
 Temple: D:4-7

Altars:


Innate Abilities, Weirdness & Mutations

You have a pair of horns on your head.
You reflexively headbutt those who attack you in melee.


Message History

The centaur is almost dead.
You slash the quokka!
You kill the quokka!
Trog accepts your kill. The centaur hits you.
* * * LOW HITPOINT WARNING * * *
The centaur kicks you but does no damage.
You slash the centaur!
You kill the centaur!
Trog accepts your kill.
You slash the jelly!
Your hands burn!
* * * LOW HITPOINT WARNING * * *
The centaur wields a +0 shortbow of flaming.
It bursts into flame!
The centaur shoots an arrow.
The arrow barely misses you. The jelly hits you but does no damage.
You hear a shout!
Your Axes skill increases to level 7!
Unknown command.
You slash the jelly!
You kill the jelly!
Trog accepts your kill.
The centaur shoots an arrow.
The arrow completely misses you.
There is an open door, spattered with blood here.
You feel a strong urge to attack something.
The centaur shoots an arrow.
The arrow closely misses you.
You are no longer berserk.
You are exhausted.
You feel yourself slow down.
The centaur shoots an arrow.
The arrow hits you!
* * * LOW HITPOINT WARNING * * *
The arrow burns you.
* * * LOW HITPOINT WARNING * * *
You hear an angry hiss.
There is an open door, spattered with blood here.
You close the door.
A centaur opens the door.
The centaur shoots an arrow.
The arrow closely misses you.
You hear an angry hiss.
Your skin crawls.
You feel strong-willed.
The centaur shoots an arrow.
The arrow hits you!
You die...

###.###.##.
.........
#.......# #
#.......#
#.#....c.o#
#.........#
#....)..#
#....c####
#.....'@.#
P.......##.#
#..#######
..#.....##.#
#..#(..... #
#.....##.#
#..#.#####
#.....##.#
#..#<....#
#.....##.#
#..#.###.#
#.######.#
#..#.....#
.. #.#
#..#######
#.#
#.........


You could see a centaur.

Vanquished Creatures
  An ice beast (D:5)
  An ogre (D:4)
  A centaur (D:5)
  2 scorpions (D:4)
  2 hounds
  A jelly (D:5)
  Natasha (thrice) (D:3)
  6 adders
  An ufetubus (D:4)
  3 worms
  An orc (D:4)
  7 ball pythons
  12 bats
  4 endoplasms
  2 giant cockroaches
  3 goblins
  6 hobgoblins
  2 jackals (D:1)
  10 kobolds
  3 quokkas
  A frilled lizard (D:2)
  5 rats
77 creatures vanquished.

Notes
Turn   | Place    | Note
-------+----------+-------------------------------------------
     0 | D:1      | Zeld the Minotaur Berserker began the quest for the Orb.
     0 | D:1      | Reached XP level 1. HP: 19/19 MP: 0/0
    51 | D:1      | Found a faded altar of an unknown god.
   235 | D:1      | Reached XP level 2. HP: 17/27 MP: 1/1
   359 | D:1      | Reached skill level 4 in Axes
   826 | D:2      | Reached XP level 3. HP: 33/33 MP: 2/2
   841 | D:2      | Reached ** piety under Trog
  1263 | D:2      | Reached XP level 4. HP: 35/40 MP: 3/3
  1629 | D:3      | Noticed Natasha
  1636 | D:3      | Killed Natasha
  1638 | D:3      | Reached skill level 5 in Axes
  1875 | D:3      | Reached XP level 5. HP: 47/47 MP: 4/4
  1886 | D:3      | Noticed Natasha
  1893 | D:3      | Killed Natasha
  2124 | D:3      | Noticed Natasha
  2134 | D:3      | Killed Natasha
  2404 | D:4      | Reached XP level 6. HP: 47/55 MP: 5/5
  2521 | D:4      | Reached skill level 5 in Fighting
  2521 | D:4      | Reached skill level 6 in Axes
  2551 | D:4      | Reached *** piety under Trog
  3564 | D:5      | Entered Level 5 of the Dungeon
  3581 | D:5      | Noticed an ice beast
  3590 | D:5      | Killed an ice beast
  3591 | D:5      | Reached XP level 7. HP: 46/61 MP: 6/6
  3703 | D:5      | Reached skill level 7 in Axes
  3709 | D:5      | Shot with an arrow by a centaur

Illustrated notes

Levels and vault maps discovered:
D:1:      minmay_arrival_hallway, layout_basic,
          ebering_ecumenical_altar_abandoned
D:2:      layout_loops_cross, minmay_increasing_density
D:3:      layout_rooms, uniq_natasha
D:4:      layout_basic, minmay_door_square
D:5:      layout_basic, elyvilon_altar_1, nicolae_overflow_hidden_temple,
          minmay_diced_spiral

Skill      XL: |  1  2  3  4  5  6  7 |
---------------+----------------------+-----
Axes           | 4 5 6 7 |  7.1
Fighting       | 4 5 |  5.6
Armour         | 3 4 |  4.8
Dodging        | 3 4 |  4.4

Action                   |  1- 3 |  4- 6 |  7- 9 || total
-------------------------+-------+-------+-------++-------
Melee: Hand axe          |    65 |    95 |     5 ||   165
       Headbutt          |     6 |    17 |       ||    23
       Punch             |       |     2 |       ||     2
Invok: Berserk           |       |       |     1 ||     1
       Trog's Hand       |       |       |     1 ||     1
Armor: Animal skin       |    24 |    28 |     4 ||    56
Dodge: Dodged            |    59 |    71 |    11 ||   141
